 Dungeon Crawl Stone Soup version 0.21.0-25-ge575cb9 (webtiles) character file.

4111 Moloch the Carver (level 10, -3/79 HPs)
             Began as a Mummy Fighter on Jan 23, 2018.
             Was a Priest of Okawaru.
             Incinerated by Thaneod's ghost (7 damage)
             ... with a sticky flame
             ... on level 9 of the Dungeon.
             The game lasted 00:19:56 (10559 turns).

Moloch the Carver (Mummy Fighter)                  Turns: 10559, Time: 00:19:56

Health: -3/79      AC: 18    Str: 21    XL:     10   Next: 6%
Magic:  9/10       EV:  7    Int:  7    God:    Okawaru [***...]
Gold:   249        SH: 11    Dex: 14    Spells: 9/9 levels left

rFire    x . .     SeeInvis .   a - +0 long sword
rCold    + . .     Gourm    .   c - +0 shield
rNeg     + + +     Faith    .   h - +0 plate armour
rPois    ∞         Spirit   .   p - +0 helmet
rElec    .         Reflect  .   (no cloak)
rCorr    .         Harm     .   b - +2 pair of gloves
MR       +....                  (no boots)
Stlth    ..........             o - amulet of magic regeneration
HPRegen  0.23/turn              k - ring of stealth
MPRegen  0.37/turn              (no ring)

@: liquid flames, heroism, glowing
A: no food or potions, fire vulnerability, cold resistance 1, negative energy
resistance 3, torment resistance, unbreathing
a: Heroism, Renounce Religion


You were on level 9 of the Dungeon.
You worshipped Okawaru.
Okawaru was most pleased with you.
You were not hungry.

You visited 2 branches of the dungeon, and saw 10 of its levels.

You collected 444 gold pieces.
You spent 195 gold pieces at shops.

Inventory:

Hand Weapons
 a - a +0 long sword (weapon)
Missiles
 q - a throwing net (quivered)
Armour
 b - a +2 pair of gloves (worn)
 c - a +0 shield (worn)
 h - a +0 plate armour (worn)
 p - a +0 helmet (worn)
Jewellery
 k - a ring of stealth (left hand)
 o - an amulet of magic regeneration (around neck)
Wands
 s - a wand of iceblast (1)
Scrolls
 d - 3 scrolls of enchant armour
 e - 5 scrolls of identify
 f - 2 scrolls of remove curse
 g - 3 scrolls of magic mapping
 i - 2 scrolls of fog
 j - 2 scrolls of blinking
 m - a scroll of amnesia
 n - a scroll of silence
 r - 2 scrolls of acquirement {unknown}
 t - a scroll of immolation {unknown}
 v - a scroll of brand weapon {unknown}
Books
 u - a book of Necromancy

   Spells                             Type                      Level
   a - Pain                           Necromancy                   1
   b - Animate Skeleton               Necromancy                   1
   c - Vampiric Draining              Necromancy                   3
   d - Regeneration                   Charms/Necromancy            3
   e - Animate Dead                   Necromancy                   4
   f - Borgnjor's Vile Clutch         Necromancy/Earth             5


   Skills:
 + Level 7.0(12.0) Fighting
 * Level 11.0(16.0) Long Blades
 - Level 2.4(7.4) Armour
 - Level 2.4(7.4) Shields


You had 9 spell levels left.
You didn't know any spells.

Dungeon Overview and Level Annotations

Branches:
Dungeon (9/15)             Temple (1/1) D:4            Lair (0/6) D:9
    Orc: D:9-12

Altars:
Ashenzari
Cheibriados
Dithmenos
Fedhas
Gozag
Kikubaaqudgha
Nemelex Xobeh
Okawaru
Ru
Sif Muna
Trog
Wu Jian
Xom
The Shining One

Shops:
D:9 [

Annotations:
D:4 Sigmund
D:6 bmj180's ghost, novice MiFi
D:8 Erica
D:9 Thaneod's ghost, journeyman GnFE


Innate Abilities, Weirdness & Mutations

You do not eat or drink.
Your flesh is vulnerable to fire.
You are immune to poison.
Your flesh is cold resistant. (rC+)
You are immune to negative energy. (rN+++)
You are immune to unholy pain and torment.
You can survive without breathing.


Message History

The sticky flame hits you! The fire burns you terribly!
You are covered in liquid flames!
* * * LOW HITPOINT WARNING * * *
You closely miss Thaneod's ghost.
Thaneod's ghost is heavily damaged.
You are covered in liquid flames!
* * * LOW HITPOINT WARNING * * *
Thaneod's ghost casts a spell at you.
You are frozen.
* * * LOW HITPOINT WARNING * * *
As you read the scroll of fear, it crumbles to dust.
You assume a fearsome visage.
The big kobold looks frightened!
The kobold looks frightened! x4; Thaneod's ghost is unaffected.
You are covered in liquid flames!
* * * LOW HITPOINT WARNING * * *
Thaneod's ghost hits you.
* * * LOW HITPOINT WARNING * * *
Unknown command.
You are covered in liquid flames!
You die...

................##......#
#.#..#
...#########.#..##......#
#.#.## ...#
#..KK...###### #....†
...# #...)...# ###.##
...# ####K####
#########.# ...# #K#
#.........# ...# #W#
#.######### ..[#
##.######.# #.##
#..@....#.# #.##########
#....##.#.# ...........#
#.##......# ..########.#
#.#####.### .....# #.#
#.#####.# ####.#
#.###.......# ..##.#
#...######### #.##†#
###.# .....# #.#


You could see a big kobold (fleeing), Thaneod's ghost and 3 kobolds.

Vanquished Creatures
  A komodo dragon (D:9)
  Grinder (D:5)
  2 hippogriffs
  A wyvern (D:9)
  A water moccasin (D:6)
  An ice beast (D:9)
  4 sky beasts
  A phantom (D:5)
  4 ogres
  7 centaurs
  A crocodile (D:9)
  3 bullfrogs (D:9)
  A scorpion (D:7)
  5 killer bees (D:9)
  A howler monkey (D:9)
  A centaur zombie (D:5)
  2 bullfrog zombies
  A jelly (D:9)
  An orc priest (D:5)
  6 hounds
  3 iguanas
  Terence (D:3)
  6 orc wizards
  5 worker ants
  2 killer bee zombies
  A hound zombie (D:9)
  13 adders
  4 gnolls (D:7)
  A shadow imp (D:7)
  An adder skeleton (D:4)
  2 adder zombies
  2 worms (D:3)
  2 dart slugs
  6 leopard geckos
  20 orcs
  3 giant cockroaches
  4 hobgoblins
  9 jackals (D:3)
  3 quokkas
  6 bats
  4 frilled lizards
  7 goblins
  A jackal skeleton (D:5)
  7 kobolds
  8 rats
166 creatures vanquished.

Vanquished Creatures (others)
  A kobold (D:9)
  11 plants (D:9)
12 creatures vanquished.

Grand Total: 178 creatures vanquished

Notes
Turn   | Place    | Note
-------+----------+-------------------------------------------
     0 | D:1      | Moloch the Mummy Fighter began the quest for the Orb.
     0 | D:1      | Reached XP level 1. HP: 18/18 MP: 1/1
   540 | D:1      | Reached skill level 2 in Long Blades
   540 | D:1      | Reached XP level 2. HP: 18/24 MP: 2/2
  1304 | D:2      | Reached XP level 3. HP: 28/29 MP: 3/3
  1545 | D:3      | Reached skill level 3 in Long Blades
  1549 | D:3      | Reached XP level 4. HP: 29/35 MP: 4/4
  1734 | D:3      | Noticed Terence
  1747 | D:3      | Killed Terence
  1776 | D:3      | Found a glowing golden altar of the Shining One.
  2140 | D:3      | Reached XP level 5. HP: 32/42 MP: 5/5
  2283 | D:4      | Noticed Sigmund
  2327 | D:4      | Reached skill level 4 in Long Blades
  2410 | D:4      | You fall through a shaft!
  2410 | D:5      | Entered Level 5 of the Dungeon
  2413 | D:5      | Noticed a sky beast
  2436 | D:5      | Killed a sky beast
  2794 | D:4      | Found a staircase to the Ecumenical Temple.
  2829 | Temple   | Entered the Ecumenical Temple
  2850 | Temple   | Became a worshipper of Warmaster Okawaru
  2882 | D:4      | Reached XP level 6. HP: 48/48 MP: 6/6
  3218 | D:5      | Reached skill level 5 in Long Blades
  3333 | D:5      | Noticed Grinder
  3338 | D:5      | Paralysed by Grinder for 5 turns
  3374 | D:5      | Paralysed by Grinder for 2 turns
  3377 | D:5      | Killed Grinder
  3377 | D:5      | Reached XP level 7. HP: 12/54 MP: 7/7
  3833 | D:5      | Reached skill level 6 in Long Blades
  3869 | D:5      | Reached * piety under Okawaru
  4179 | D:4      | Paralysed by Sigmund for 5 turns
  4885 | D:5      | Reached skill level 7 in Long Blades
  4909 | D:5      | Reached XP level 8. HP: 33/61 MP: 5/8
  5479 | D:6      | Found a shattered altar of Ashenzari.
  5595 | D:6      | Reached ** piety under Okawaru
  5595 | D:6      | Reached skill level 5 in Fighting
  5794 | D:6      | Noticed bmj180's ghost (novice MiFi)
  6119 | D:6      | Reached skill level 8 in Long Blades
  6384 | D:6      | Found a deep blue altar of Sif Muna.
  6533 | D:7      | Found a blossoming altar of Fedhas.
  6579 | D:7      | Noticed a hippogriff
  7235 | D:7      | Noticed a hippogriff
  7256 | D:6      | Killed a hippogriff
  7256 | D:6      | Reached skill level 9 in Long Blades
  7469 | D:7      | Reached XP level 9. HP: 41/69 MP: 9/9
  7588 | D:7      | Reached *** piety under Okawaru
  8294 | D:7      | Found a bloodstained altar of Trog.
  8531 | D:8      | Reached skill level 10 in Long Blades
  8799 | D:8      | Noticed a two-headed ogre
  8894 | D:8      | Noticed Erica
  9296 | D:9      | Noticed a komodo dragon
  9301 | D:9      | Found a staircase to the Lair.
  9576 | D:9      | Found Waxyeb's Antique Armour Boutique.
  9583 | D:9      | Bought a pair of glowing gloves for 195 gold pieces
  9719 | D:9      | Killed a komodo dragon
  9719 | D:9      | Reached **** piety under Okawaru
 10028 | D:9      | Reached XP level 10. HP: 77/77 MP: 10/10
 10056 | D:9      | Found an ornate altar of the Wu Jian Council.
 10059 | D:9      | Found a snail-covered altar of Cheibriados.
 10163 | D:9      | Noticed Thaneod's ghost (journeyman GnFE)
 10433 | D:9      | Reached skill level 11 in Long Blades
 10559 | D:9      | Incinerated by Thaneod's ghost

Skill      XL: |  1  2  3  4  5  6  7  8  9 10 |
---------------+-------------------------------+-----
Long Blades    | 2 3 4 5 7 9 10 11 | 11.0
Fighting       | 4 5 6 7 |  7.0
Armour         | |  2.4
Shields        | |  2.4

Action                   |  1- 3 |  4- 6 |  7- 9 | 10-12 || total
-------------------------+-------+-------+-------+-------++-------
Melee: Long sword        |   102 |   215 |   610 |    72 ||   999
Invok: Heroism           |       |       |     9 |     3 ||    12
Evoke: Wand              |       |       |     4 |       ||     4
  Use: Scroll            |       |     9 |     1 |     2 ||    12
Armor: Scale mail        |    65 |    87 |   163 |       ||   315
       Chain mail        |       |       |    90 |    35 ||   125
       Plate armour      |       |       |       |    10 ||    10
Dodge: Dodged            |    35 |    70 |   149 |     9 ||   263
Block: Shield            |    52 |   107 |   258 |    35 ||   452
       Rpst.: Long sword |     9 |    23 |    45 |     3 ||    80
